 Dungeon Crawl Stone Soup version 0.31-a0-960-g0fca184906 (webtiles) character file.

Game seed: 770028266595630342

48 BinkBink the Covered (level 3, 0/24 HPs)
             Began as a Gargoyle Fighter on Oct 23, 2023.
             Was a Follower of Trog.
             Slain by an orc priest
             ... wielding a +0 whip
              (2 damage)
             ... on level 3 of the Dungeon.
             The game lasted 00:01:25 (1527 turns).

BinkBink the Covered (Gargoyle Fighter)             Turns: 1527, Time: 00:01:26

Health: 0/24       AC: 10    Str: 21    XL:     3   Next: 72%
Magic:  3/3        EV:  9    Int:  8    God:    Trog [*.....]
Gold:   116        SH:  4    Dex:  9    Spells: 2/2 levels left

rFire   . . .        a - +0 flail
rCold   . . .        c - +0 buckler
rNeg    + . .        b - +0 scale mail
rPois   ∞            (no helmet)
rElec   +            (no cloak)
rCorr   .            (no gloves)
SInv    .            (no boots)
Will    .....        (no amulet) Stlth
                     (no ring)
HPRegen 0.24/turn    (no ring)
MPRegen 0.08/turn

%: no passive effects
@: no status effects
A: sickness immunity, AC +3, negative energy resistance 1, electricity
resistance, torment resistance 1, petrification resistance
a: Renounce Religion, Berserk


You were on level 3 of the Dungeon.
You worshipped Trog.
Trog was aware of your devotion.
You visited 1 branch of the dungeon, and saw 3 of its levels.

You collected 116 gold pieces.

Inventory:

Hand Weapons
 a - a +0 flail (weapon)
Armour
 b - a +0 scale mail (worn)
 c - a +0 buckler (worn)
Jewellery
 k - a +6 ring of intelligence
Scrolls
 e - 2 scrolls of amnesia {unknown}
 f - a scroll of acquirement {unknown}
 h - a scroll of summoning {unknown}
 i - 2 scrolls of identify {unknown}
 j - a scroll of revelation {unknown}
 l - a scroll of immolation {unknown}
Potions
 d - a potion of might
 g - a potion of heal wounds {unknown}


   Skills:
 + Level 3.7 Fighting
 * Level 2.9 Maces & Flails
 + Level 3.7 Armour
 + Level 3.6 Shields


You had 2 spell levels left.
You didn't know any spells.
Your spell library contained the following spells:

 Spells                   Type           Power      Damage    Failure   Level
 Apportation              Tloc           0%         N/A       82%         1
 Jinxbite                 Hex            0%         N/A       91%         2
 Alistair's Intoxication  Tmut/Pois      0%         N/A       100%        5


Dungeon Overview and Level Annotations

Branches:
Dungeon (3/15)

Altars:
Trog

Shops:
D:2 ?


Innate Abilities, Weirdness & Mutations

You are immune to sickness and miasma.
Your stone body is resilient. (AC +3)
You are immune to poison.
You resist negative energy. (rN+)
You are resistant to electric shocks. (rElec)
You are resistant to unholy torment.
You are immune to petrification.


Message History

The orc is severely wounded.
The orc hits you but does no damage. x2; Something hits you but does no damage.
Unknown command.
You hit the orc.
You kill the orc!
Trog accepts your kill. Something hits you but does no damage.
You hit the orc.
The orc is heavily wounded.
You block the orc's attack. Something completely misses you.
The orc hits you but does no damage. You block something's attack.
You closely miss the orc.
The orc is heavily wounded.
You block the orc's attack.
You hear some strange, mumbled words.
A puff of flame appears from out of thin air!
The puff of flame hits you!
You sock the orc!
You kill the orc!
Trog accepts your kill. You block something's attack.
You sock the orc priest!
The orc priest is severely wounded.
You block the orc priest's attack. Something hits you.
The orc priest barely misses you.
You hit the orc priest.
The orc priest is severely wounded.
Something hits you but does no damage. The orc priest hits you with a +0 whip.
Something hits you but does no damage.
You hit the orc priest.
The orc priest is almost dead.
The orc priest invokes the aid of Beogh against you.
Beogh smites you!
* * * LOW HITPOINT WARNING * * *
Something hits you but does no damage.
You hit the orc priest.
The orc priest is almost dead.
The orc priest hits you but does no damage.
Something hits you but does no damage. The orc priest hits you with a +0 whip.
You die...

#. #.# ...
#.###.. ..
###.....###.#
#...........#
#..........#
...........#
........Jg.#
......o{o###
########@#######
#.......#
#####.......#
.............#
.....##...†..#
......#......#
##.#.........#
#.#.........#
.....#......#


You could see an orc priest, an orc, an endoplasm and a goblin.

Vanquished Creatures
  An adder (D:2)
  2 orcs (D:3)
  3 bats (D:1)
  6 endoplasms (D:1)
  3 giant cockroaches (D:1)
  3 hobgoblins (D:1)
  4 quokkas
  2 ball pythons (D:1)
  A goblin (D:1)
  5 kobolds
  4 rats
34 creatures vanquished.

Notes
Turn   | Place    | Note
-------+----------+-------------------------------------------
     0 | D:1      | BinkBink the Gargoyle Fighter began the quest for the Orb.
     0 | D:1      | Reached XP level 1. HP: 14/14 MP: 1/1
   117 | D:1      | Reached XP level 2. HP: 15/19 MP: 2/2
   260 | D:1      | Found a faded altar of an unknown god.
   304 | D:1      | Prayed at the altar of an unknown god.
   304 | D:1      | Became a worshipper of Trog the Wrathful
   304 | D:1      | Reached * piety under Trog
   490 | D:1      | Reached XP level 3. HP: 21/23 MP: 3/3
   951 | D:2      | Found The Oracle's Delphic Readings.
  1527 | D:3      | Slain by an orc priest

Illustrated notes

Levels and vault maps discovered:
D:1:      amcnicky_arrival_feature_with_door, layout_basic,
          shapermc_ecumenical_altar_gd
D:2:      layout_basic, hex_tiny, nicolae_nh_oracle_at_delphi
D:3:      layout_basic

Action                     || total
---------------------------++-------
  Melee: Flail             ||   120
 Armour: Scale mail        ||    91
  Dodge: Dodged            ||    60
  Block: Buckler           ||    27

Table legend: (Time is in decaauts)
 A = Elapsed time spent in this place.
 B = Non-inter-level travel time spent in this place.
 C = Inter-level travel time spent in this place.
 D = Time resting spent in this place.
 E = Time spent auto-exploring this place.
 F = Levels seen in this place.
 G = Mean time per level.
                   A        B        C        D        E       F      G
               +--------+--------+--------+--------+--------+-----+--------+
         Total |   1563 |   1498 |     65 |      0 |   1234 |   3 |  521.0 |
       Dungeon |   1563 |   1498 |     65 |      0 |   1234 |   3 |  521.0 |
               +--------+--------+--------+--------+--------+-----+--------+

Top non-repeatable levels by time:
     D:1: 860 daAuts
     D:2: 653 daAuts
     D:3: 50 daAuts
